 Dungeon Crawl Stone Soup version 0.25-a0-1133-g93ebf73 (webtiles) character file.

Game seed: 16160982903402560511, levelgen mode: deterministic

7775 thirtiethelement the Carver (level 11, -9/84 HPs)
             Began as a Demonspawn Abyssal Knight on May 22, 2020.
             Was an Elder of Lugonu.
             Killed by refrigeration
             ... invoked by Fannar
              (32 damage)
             ... on level 11 of the Dungeon on May 23, 2020.
             The game lasted 01:19:30 (15236 turns).

thirtiethelement the Carver (DsAK)                 Turns: 15236, Time: 01:19:31

Health: -9/84      AC:  6    Str: 16    XL:     11   Next: 1%
Magic:  14/14      EV: 14    Int: 14    God:    Lugonu [****..]
Gold:   352        SH: 13    Dex: 12    Spells: 9/10 levels left

rFire    + . .     SeeInvis .   a - +3 falchion
rCold    . . .     Gourm    .   (no shield)
rNeg     . . .     Faith    .   b - +0 leather armour
rPois    .         Spirit   .   x - +2 helmet
rElec    .         Reflect  +   (no cloak)
rCorr    .         Harm     .   (no gloves)
MR       +....                  (boots unavailable)
Stlth    ++........             F - amulet of reflection
HPRegen  0.24/turn              d - ring of protection from magic
MPRegen  0.14/turn              s - ring of protection from fire

@: very slightly contaminated
A: talons 3, large bone plates 3, demonic guardian 1
a: Depart the Abyss, Bend Space, Banish, Corrupt, Renounce Religion


You were on level 11 of the Dungeon.
You worshipped Lugonu.
Lugonu was greatly pleased with you.
You were not hungry.

You visited 1 branch of the dungeon, and saw 11 of its levels.
You visited the Abyss 1 time.

You collected 576 gold pieces.
You spent 224 gold pieces at shops.

Inventory:

Hand Weapons
 a - a +3 falchion (weapon)
 y - a +0 long sword
 B - the cursed +0 war axe of the Pit {pain, rElec rF+}
   (You found it on level 7 of the Dungeon)

   In the hands of one skilled in necromantic magic, it inflicts extra damage on
   living creatures.
   It protects you from fire.
   It insulates you from electricity.
   It has a curse placed upon it.
Missiles
 r - 4 datura-tipped darts
 u - 23 poisoned darts (quivered)
 N - 10 curare-tipped darts
Armour
 b - a +0 leather armour (worn)
 v - a +0 plate armour
 x - a +2 helmet (worn)
Magical Staves
 j - an uncursed staff of earth {unknown}
Jewellery
 d - a ring of protection from magic (left hand)
 s - a ring of protection from fire (right hand)
 F - an amulet of reflection (around neck)
Wands
 m - a wand of random effects (33)
 q - a wand of enslavement (9)
 z - a wand of paralysis (3)
 A - a wand of disintegration (22)
 D - a wand of polymorph (6)
 G - a wand of flame (4)
 H - a wand of clouds (5)
 M - a wand of iceblast (18)
Scrolls
 e - 6 scrolls of fear
 g - 3 scrolls of blinking
 h - 2 scrolls of teleportation
 i - 6 scrolls of remove curse
 l - 2 scrolls of fog
 K - 2 scrolls of identify
Potions
 f - 2 potions of resistance
 k - 2 potions of brilliance {unknown}
 n - 5 potions of curing
 o - 3 potions of might {unknown}
 p - a potion of flight {unknown}
 t - 3 potions of degeneration {unknown}
 w - a potion of lignification {unknown}
 C - a potion of invisibility {unknown}
 J - 2 potions of mutation {unknown}
 L - a potion of stabbing {unknown}
Miscellaneous
 I - a phantom mirror
Comestibles
 c - 12 rations


   Skills:
 + Level 7.0 Fighting
 + Level 9.2 Long Blades
 + Level 7.2 Throwing
 + Level 5.0 Armour
 + Level 5.0 Dodging
 + Level 4.0 Stealth
 + Level 0.4 Spellcasting
 + Level 0.5 Hexes
 + Level 4.9 Invocations
 + Level 1.5 Evocations


You had 9 spell levels left.
You knew the following spells:

 Your Spells              Type           Power        Failure   Level  Hunger
a - Corona                Hex            #......      26%         1    ##.....

Your spell library contained the following spells:

 Spells                   Type           Power        Failure   Level  Hunger
 Slow                     Hex            #.......     38%         2    ###....
 Inner Flame              Hex/Fire       #.......     65%         3    ####...
 Portal Projectile        Hex/Tloc       #.....       65%         3    ####...
 Cause Fear               Hex            #.........   95%         4    #####..
 Leda's Liquefaction      Hex/Erth       #.........   96%         4    #####..


Dungeon Overview and Level Annotations

Branches:
Dungeon (11/15)            Temple (0/1) D:6             Orc (0/2) D:9
   Lair: D:8-11

Altars:
Cheibriados
Dithmenos
Elyvilon
Fedhas
Hepliaklqana
Makhleb
Ru
Sif Muna
Trog
Vehumet
Wu Jian
Zin

Shops:
D:4 =   D:8 (   D:9 :%(

Annotations:
D:11 corrupted, Fannar


Innate Abilities, Weirdness & Mutations

You have claws for feet.
You are completely covered in large bone plates. (SH +8)
A weak demonic guardian rushes to your aid.


Message History

Fannar resists.
Your shadow imp resists.
Your quasit resists.
Blink to where?
Press: ? - help, Dir - move target cursor, p - Fannar You are very lightly contaminated with residual magic.
As you read the scroll of blinking, it crumbles to dust.
Evoke which item? (* to show all) (? for menu, Esc to quit)
Aiming: Disintegrate
Press: ? - help, Shift-Dir - straight line, f - Fannar
Aim: Fannar, wielding a +0 quarterstaff of freezing, wearing a +1 robe of cold resistance and wearing an uncursed ring of ice (heavily wounded, covered in an icy film, very poisoned, chance to defeat MR: 22%) Fannar is blasted!!
Evoke which item? (* to show all) (? for menu, Esc to quit)
Aiming: Disintegrate
Press: ? - help, Shift-Dir - straight line, f/p - Fannar
Aim: Fannar, wielding a +0 quarterstaff of freezing, wearing a +1 robe of cold resistance and wearing an uncursed ring of ice (severely wounded, covered in an icy film, poisoned, chance to defeat MR: 22%) Fannar resists with almost no effort.
Fannar casts a spell.
Fannar drains the heat from the surrounding environment!
You feel very cold.
You die...

.......#......#....#.......
.......#......#....#..######.....
.......#......#....#..#.......(..
.......#......#....#..#......((..
.......########....#..#..........
###......###..#....# #..........
#......'....#....# #..........
#......#....#....# #..........
##^.....##...#.@..#+##..5..#
#........###'#.......Y.†...#
#........#...#.......5§....#
#........#...#####.........#####
#........##'###..'.Y..e.........
#.............#..#..............
#.............#..#..............
#.............#..#....#####.....
#########.....#..#....# #.....


You could see Fannar (icy armour, poisoned), 2 ice beasts and a friendly quasit
(summoned).

Vanquished Creatures
  An unseen horror (D:11)
  Pikel (D:6)
  A manticore (D:10)
  A centaur zombie (D:10)
  A troll (D:11)
  Sigmund (D:5)
  A human (D:9)
  A steam dragon (D:9)
  A hog (D:9)
  2 vampire mosquitoes (D:10)
  A hungry ghost (D:7)
  A soldier ant (D:10)
  A water moccasin (D:6)
  4 orc warriors
  2 sky beasts
  5 ice beasts
  2 phantoms
  2 ogres
  5 centaurs
  3 big kobolds
  6 bullfrogs
  A wyvern zombie (D:10)
  A scorpion (D:7)
  4 killer bees (D:9)
  3 howler monkeys (D:10)
  3 crimson imps
  4 jellies
  5 orc priests
  4 hounds
  7 orc wizards
  A centaur skeleton (D:5)
  8 worker ants
  3 worker ant zombies
  8 adders
  8 gnolls
  An adder zombie (D:6)
  3 worms
  3 dart slugs
  2 leopard geckos
  37 orcs
  10 giant cockroaches
  4 goblins
  11 hobgoblins
  5 jackals
  8 kobolds
  2 quokkas
  7 bats
  7 frilled lizards
  A giant cockroach zombie (D:6)
  A jackal skeleton (D:6)
  A leopard gecko skeleton (D:5)
  2 quokka skeletons
  3 rats
211 creatures vanquished.

Vanquished Creatures (collateral kills)
  An ugly thing (D:11)
  A wyvern (D:8)
  A yak (D:9)
  2 hogs (D:9)
  A hungry ghost (D:11)
  A slave (D:6)
  An orc warrior (D:9)
  An ice beast (D:7)
  An ogre (D:6)
  A sky beast (D:7)
  A centaur (D:10)
  4 bullfrogs
  A scorpion (D:7)
  A crimson imp (D:5)
  2 orc wizards (D:9)
  An iguana (D:6)
  2 gnolls (D:4)
  12 orcs
  A jackal (D:6)
  A kobold (D:11)
37 creatures vanquished.

Vanquished Creatures (others)
  A kobold demonologist (D:11)
  3 yaks (D:11)
  A slave (D:6)
  2 big kobolds (D:11)
  An orc wizard (D:6)
  An adder (D:11)
  2 orcs
  2 kobolds
  7 starspawn tentacles (D:11)
20 creatures vanquished.

Grand Total: 268 creatures vanquished

Notes
Turn   | Place    | Note
-------+----------+-------------------------------------------
     0 | Abyss:1  | thirtiethelement the Demonspawn Abyssal Knight began the
                  | quest for the Orb.
     0 | Abyss:1  | Reached XP level 1. HP: 18/18 MP: 2/2
    45 | Abyss:2  | Noticed an ancient zyme
    85 | Abyss:2  | Noticed a thrashing horror
    85 | Abyss:2  | Noticed a worldbinder
    86 | D:1      | Escaped the Abyss
   211 | D:1      | Reached skill level 2 in Long Blades
   211 | D:1      | Gained mutation: You are partially covered in large bone
                  | plates. (SH +4) [demonic ancestry]
   211 | D:1      | Reached XP level 2. HP: 16/24 MP: 3/3
   273 | D:1      | Reached * piety under Lugonu
   336 | D:1      | Reached skill level 1 in Dodging
   877 | D:2      | Gained mutation: A weak demonic guardian rushes to your
                  | aid. [demonic ancestry]
   877 | D:2      | Reached XP level 3. HP: 26/30 MP: 4/4
  1185 | D:2      | Found a blossoming altar of Fedhas.
  1401 | D:2      | Found an ornate altar of the Wu Jian Council.
  1605 | D:2      | Gained mutation: You have sharp toenails. [demonic
                  | ancestry]
  1605 | D:2      | Reached XP level 4. HP: 22/37 MP: 5/5
  2545 | D:3      | Found a shimmering blue altar of Sif Muna.
  2613 | D:3      | Reached skill level 3 in Long Blades
  2614 | D:3      | Reached ** piety under Lugonu
  2738 | D:3      | Found a faded altar of an unknown god.
  2915 | D:3      | Noticed a phantom
  2947 | D:3      | Killed a phantom
  2947 | D:3      | Reached skill level 1 in Stealth
  2947 | D:3      | Gained mutation: You are mostly covered in large bone
                  | plates. (SH +6) [demonic ancestry]
  2947 | D:3      | Reached XP level 5. HP: 41/42 MP: 6/6
  3369 | D:4      | Found a white marble altar of Elyvilon.
  3376 | D:4      | Noticed an ogre
  3386 | D:4      | Killed an ogre
  3386 | D:4      | Reached skill level 1 in Throwing
  3386 | D:4      | Gained mutation: You are completely covered in large bone
                  | plates. (SH +8) [demonic ancestry]
  3386 | D:4      | Reached XP level 6. HP: 48/49 MP: 7/7
  3526 | D:4      | Found Qonakh's Jewellery Shoppe.
  3853 | D:4      | Found a hazy altar of Hepliaklqana.
  3987 | D:5      | Entered Level 5 of the Dungeon
  4033 | D:5      | Reached skill level 4 in Long Blades
  4334 | D:5      | Found a shadowy altar of Dithmenos.
  4446 | D:5      | Noticed a sky beast
  4469 | D:5      | Killed a sky beast
  5127 | D:5      | Reached XP level 7. HP: 22/55 MP: 8/8
  5396 | D:5      | Noticed Sigmund
  5410 | D:5      | Killed Sigmund
  5819 | D:6      | Reached skill level 5 in Fighting
  6091 | D:6      | Reached skill level 5 in Long Blades
  6161 | D:6      | Found a staircase to the Ecumenical Temple.
  6167 | D:6      | Gained mutation: You have razor-sharp toenails. [demonic
                  | ancestry]
  6167 | D:6      | Reached XP level 8. HP: 56/62 MP: 9/9
  6269 | D:6      | Noticed Pikel
  6309 | D:6      | Killed Pikel
  6633 | D:6      | Reached skill level 6 in Long Blades
  6638 | D:6      | Found a burning altar of Makhleb.
  7791 | D:7      | Reached XP level 9. HP: 68/68 MP: 11/11
  7799 | D:7      | Got an ebony war axe
  8058 | D:7      | Reached *** piety under Lugonu
  8264 | D:7      | Reached skill level 5 in Throwing
  9389 | D:8      | Reached skill level 7 in Long Blades
  9675 | D:8      | Found Iriehiew's Antique Weapon Shoppe.
  9685 | D:8      | Bought a rapier for 112 gold pieces
  9685 | D:8      | Bought a rapier for 112 gold pieces
  9722 | D:8      | Identified the cursed +0 war axe of the Pit {pain, rElec
                  | rF+} (You found it on level 7 of the Dungeon)
  9823 | D:8      | Found a sacrificial altar of Ru.
  9946 | D:8      | Found a snail-covered altar of Cheibriados.
 10020 | D:8      | Found a bloodstained altar of Trog.
 10183 | D:9      | Learned a level 1 spell: Corona
 10199 | D:9      | Found a radiant altar of Vehumet.
 10202 | D:9      | Found Veus's Antique Weapon Emporium.
 10228 | D:9      | Reached **** piety under Lugonu
 10315 | D:9      | Found Nukoaraj's Food Boutique.
 10531 | D:9      | Found Tiluh's Book Shop.
 10692 | D:9      | Reached skill level 1 in Evocations
 10993 | D:9      | Found a staircase to the Orcish Mines.
 11005 | D:9      | Reached skill level 8 in Long Blades
 11186 | D:9      | Found a glowing silver altar of Zin.
 11606 | D:9      | Reached XP level 10. HP: 64/76 MP: 13/13
 12046 | D:10     | Entered Level 10 of the Dungeon
 14123 | D:11     | Noticed a manticore
 14164 | D:10     | Killed a manticore
 14436 | D:11     | Reached skill level 9 in Long Blades
 14463 | D:11     | Noticed a sun demon
 14466 | D:11     | Corrupted D:11
 14466 | D:11     | Noticed a tentacled starspawn
 14488 | D:11     | Noticed a smoke demon
 14502 | D:11     | Noticed an orange demon
 14508 | D:11     | Noticed a cyan ugly thing
 14529 | D:11     | Killed a red ugly thing
 14894 | D:11     | Noticed an unseen horror
 14914 | D:11     | Killed an unseen horror
 14914 | D:11     | Reached skill level 5 in Armour
 14914 | D:11     | Reached skill level 5 in Dodging
 14914 | D:11     | Gained mutation: You have claws for feet. [demonic
                  | ancestry]
 14914 | D:11     | Reached XP level 11. HP: 24/84 MP: 11/14
 15212 | D:11     | Noticed Fannar
 15236 | D:11     | Killed from afar by Fannar

Illustrated notes

Levels and vault maps discovered:
D:1:      onia_arrival_pentagram, layout_basic, skrybe_limestone_x
D:2:      layout_loops_ring, old_standard_altar, first_ration, fedhas_altar_4
D:3:      layout_loops_ring, lemuel_coloured_pillars_altar,
          chequers_ecumenical_altar_simple, corexii_corridor_pit,
          kennysheep_pointless_box
D:4:      layout_basic, elyvilon_altar_4, nicolae_overflow_hidden_temple,
          serial_shops, shop_statue
D:5:      layout_gridville, basic_altar, uniq_sigmund
D:6:      layout_cave_pods, minmay_temple_entry_mist, makhleb_heckhound_becter,
          uniq_pikel
D:7:      layout_layer_cave
D:8:      layout_gridville, lemuel_crystal_altar,
          nicolae_overflow_crystal_walls, serial_shops, shop_statue, bloody_trog
D:9:      layout_roguey, vehumet_altar_wand_db, kennysheep_mini_moat,
          david_orc_2, serial_shops, shop, shop_fountains, shop, grunt_livestock
D:10:     layout_stronghold
D:11:     layout_gridville, lair_entry_dummy, uniq_erica, uniq_harold,
          uniq_fannar

Skill      XL: |  1  2  3  4  5  6  7  8  9 10 |
---------------+-------------------------------+-----
Long Blades    | 2 3 4 5 6 8 9 |  9.2
Dodging        | 1 2 4 5 |  5.0
Fighting       | 4 5 6 7 |  7.0
Armour         | 2 3 4 5 |  5.0
Stealth        | 1 2 3 4 |  4.0
Throwing       | 1 2 3 4 5 7 |  7.2
Invocations    | 3 4 |  4.9
Evocations     | 1 |  1.5
Spellcasting   | |  0.4
Hexes          | |  0.5

Action                   |  1- 3 |  4- 6 |  7- 9 | 10-12 || total
-------------------------+-------+-------+-------+-------++-------
Melee: Falchion          |    91 |   146 |   354 |   175 ||   766
       Kick              |       |    45 |    86 |    57 ||   188
Throw: Boomerang         |       |    47 |    74 |       ||   121
       Dart              |       |       |    21 |    85 ||   106
 Cast: Corona            |       |       |     2 |     5 ||     7
Invok: Depart the Abyss  |     1 |       |       |       ||     1
       Bend Space        |       |       |    11 |     6 ||    17
       Corrupt           |       |       |       |     1 ||     1
Evoke: Wand              |       |       |    12 |    13 ||    25
  Use: Scroll            |     4 |       |    14 |     2 ||    20
       Potion            |       |       |     1 |     2 ||     3
 Stab: Sleeping          |       |     1 |     1 |       ||     2
       Distracted        |       |       |     2 |     1 ||     3
       Paralysed         |       |       |     2 |       ||     2
       Confused          |       |       |       |     2 ||     2
  Eat: Ration            |     1 |     3 |     7 |     4 ||    15
Armor: Leather armour    |    23 |    21 |    57 |    36 ||   137
Dodge: Dodged            |    48 |    74 |   136 |    82 ||   340
Block: Other             |    15 |    36 |   147 |   119 ||   317
       Reflection        |       |       |       |    10 ||    10
       Rpst.: Falchion   |    16 |    22 |    48 |    18 ||   104

Table legend:
 A = Non-vault XP
 B = Vault XP
 C = Vault XP percentage of total XP
 D = Non-vault monster count
 E = Vault monster count
 F = Vault count percentage of total count
                 A         B        C        D         E       F
            +---------+---------+-------+---------+---------+-------
      Total |    9246 |    1862 |  16.8 |     233 |      14 |   5.7
            +---------+---------+-------+---------+---------+-------
        D:1 |      32 |       0 |   0.0 |      16 |       0 |   0.0
        D:2 |      82 |       0 |   0.0 |      19 |       0 |   0.0
        D:3 |     170 |       0 |   0.0 |      19 |       0 |   0.0
        D:4 |     195 |       0 |   0.0 |      14 |       0 |   0.0
        D:5 |     329 |     220 |  40.1 |      15 |       1 |   6.2
        D:6 |    1128 |     616 |  35.3 |      32 |       2 |   5.9
        D:7 |     587 |       0 |   0.0 |      15 |       0 |   0.0
        D:8 |     944 |       0 |   0.0 |      38 |       0 |   0.0
        D:9 |    1437 |    1026 |  41.7 |      27 |      11 |  28.9
       D:10 |    2339 |       0 |   0.0 |      25 |       0 |   0.0
       D:11 |    2003 |       0 |   0.0 |      13 |       0 |   0.0
            +---------+---------+-------+---------+---------+-------
